 Dungeon Crawl Stone Soup version 0.24.1-8-ga250c9d538 (webtiles) character file.

Game seed: 10620383968762423803, levelgen mode: deterministic

1838 Hugehornet the Carver (level 9, -5/81 HPs)
             Began as a Tengu Berserker on Apr 28, 2020.
             Was an Elder of Trog.
             Slain by a warg (12 damage)
             ... on level 7 of the Dungeon.
             The game lasted 00:13:30 (5459 turns).

Hugehornet the Carver (Tengu Berserker)             Turns: 5459, Time: 00:13:30

Health: -5/81      AC: 11    Str: 28    XL:     9   Next: 11%
Magic:  10/10      EV: 11    Int:  9    God:    Trog [****..]
Gold:   381        SH:  0    Dex: 13    Spells: 8/8 levels left

rFire    . . .     SeeInvis +   a - +1 falchion
rCold    + . .     Gourm    .   (no shield)
rNeg     . . .     Faith    .   F - +1 chain mail {rC+}
rPois    .         Spirit   .   (helmet restricted)
rElec    .         Reflect  .   (no cloak)
rCorr    .         Harm     .   (no gloves)
MR       .....                  (boots unavailable)
Stlth    ..........             D - amulet of the acrobat
HPRegen  0.23/turn              j - +3 ring of strength
MPRegen  0.12/turn              A - ring of see invisible

@: berserking (expiring), very quick
A: beak, talons 3, able to fly
a: Fly, Berserk, Trog's Hand, Brothers in Arms, Renounce Religion


You were on level 7 of the Dungeon.
You worshipped Trog.
Trog was greatly pleased with you.
You were very hungry.

You visited 1 branch of the dungeon, and saw 7 of its levels.
You also visited: Ossuary.

You collected 381 gold pieces.

Inventory:

Hand Weapons
 a - a +1 falchion (weapon)
Missiles
 l - 5 silver javelins (quivered)
Armour
 b - a +0 animal skin
 p - a +0 chain mail
 q - a +0 scale mail
 w - a cursed +0 plate armour
 F - a +1 chain mail of cold resistance (worn)
Jewellery
 j - a +3 ring of strength (left hand)
 A - a ring of see invisible (right hand)
 D - an amulet of the acrobat (around neck)
 H - an uncursed amulet of the gourmand
Scrolls
 d - 3 scrolls of teleportation
 g - 2 scrolls of identify
 k - 3 scrolls of immolation
 n - a scroll of enchant weapon
 r - 2 scrolls of remove curse
 v - a scroll of blinking {unknown}
 x - a scroll of magic mapping {unknown}
 y - 2 scrolls of noise {unknown}
 C - a scroll of fear {unknown}
 E - a scroll of fog {unknown}
Potions
 e - 5 potions of heal wounds
 f - 2 potions of haste
 h - 7 potions of curing
 i - 3 potions of ambrosia {unknown}
 m - a potion of experience {unknown}
 o - 3 potions of brilliance {unknown}
 s - a potion of lignification {unknown}
 t - 3 potions of resistance {unknown}
 u - 3 potions of mutation {unknown}
 z - 2 potions of flight {unknown}
 B - a potion of agility {unknown}
Comestibles
 c - 9 rations
 G - a chunk of flesh


   Skills:
 + Level 5.4 Fighting
 * Level 8.0 Long Blades
 * Level 7.7 Armour
 + Level 5.4 Dodging


You had 8 spell levels left.
You didn't know any spells.
Your spell library was empty.

Dungeon Overview and Level Annotations

Branches:
Dungeon (7/15)             Temple (0/1) D:6         Ossuary (visited)

Altars:
Ashenzari
Fedhas
Gozag
Makhleb
Okawaru
Qazlal
Trog

Shops:
D:5 [


Innate Abilities, Weirdness & Mutations

You have a beak for a mouth.
You have claws for feet.
You can fly continuously.


Message History

You hear a shout!
The warg bites you.
* * * LOW HITPOINT WARNING * * *
The warg bites you.
* * * LOW HITPOINT WARNING * * *
You slash the warg! Your kick misses the warg.
The warg is almost dead.
The warg bites you.
* * * LOW HITPOINT WARNING * * *
The warg bites you!
* * * LOW HITPOINT WARNING * * *
You closely miss the warg. Your kick misses the warg. You peck the warg!
You kill the warg!
Trog accepts your kill.
Your Long Blades skill increases to level 8!
The warg closely misses you.
You slash the warg! Your kick misses the warg. Your peck misses the warg.
The warg is moderately wounded.
The warg bites you!
You die...

≈≈≈≈≈≈≈≈...
≈≈≈≈≈≈≈...
..........
.....h...
.........
#.......#
#####)†......
##...#@#
##.....h#
#.......# #.
.. ##
#.>.....#..
... .#
#.......#.#
#.. ..
##.....##.#
.##.####..
#.........#
..........
#........##
.......)..
#........#
........##


You could see 2 wargs.

Vanquished Creatures
  2 wargs (D:7)
  A sky beast (D:7)
  2 ice beasts (D:6)
  An orc warrior (D:6)
  A phantom (D:6)
  A centaur (D:6)
  2 bullfrogs (D:6)
  2 water moccasin zombies (Ossuary)
  4 wights (D:6)
  3 jellies
  An orc priest (D:6)
  4 iguanas
  Jessica (D:3)
  An orc wizard (D:6)
  3 worker ants
  2 big kobold zombies (Ossuary)
  2 mummies (Ossuary)
  6 adders
  2 shadow imps (D:6)
  2 oozes (D:4)
  6 adder zombies (Ossuary)
  An adder skeleton (D:2)
  2 worms (D:3)
  4 dart slugs
  8 leopard geckos
  10 orcs
  7 giant cockroaches
  6 gnoll zombies (Ossuary)
  5 goblins
  10 hobgoblins
  4 jackals (D:2)
  3 quokkas
  2 ball pythons
  8 bats
  8 frilled lizards
  5 hobgoblin zombies (Ossuary)
  9 kobolds
  3 kobold zombies (Ossuary)
  A leopard gecko skeleton (D:5)
  A leopard gecko zombie (D:7)
  6 orc zombies (Ossuary)
  A quokka zombie (D:6)
  9 rats
162 creatures vanquished.

Notes
Turn   | Place    | Note
-------+----------+-------------------------------------------
     0 | D:1      | Hugehornet the Tengu Berserker began the quest for the Orb.
     0 | D:1      | Reached XP level 1. HP: 14/14 MP: 2/2
   184 | D:1      | Reached XP level 2. HP: 15/19 MP: 3/3
   497 | D:1      | Reached XP level 3. HP: 23/23 MP: 4/4
   863 | D:2      | Reached ** piety under Trog
   920 | D:2      | Found a shattered altar of Ashenzari.
  1182 | D:2      | Reached skill level 4 in Long Blades
  1223 | D:2      | Reached XP level 4. HP: 28/28 MP: 5/5
  1368 | D:2      | Found an iron altar of Okawaru.
  1733 | D:3      | Noticed Jessica
  1738 | D:3      | Killed Jessica
  1847 | D:3      | Reached *** piety under Trog
  1949 | D:3      | Gained mutation: You can fly continuously. [Tengu growth]
  1949 | D:3      | Reached XP level 5. HP: 31/32 MP: 6/6
  2123 | D:4      | Found a sand-covered staircase.
  2126 | Ossuary  | Entered an ossuary
  2376 | Ossuary  | Reached XP level 6. HP: 35/38 MP: 7/7
  2583 | Ossuary  | Reached **** piety under Trog
  2601 | Ossuary  | Reached skill level 5 in Long Blades
  3188 | D:4      | Reached skill level 5 in Armour
  3188 | D:4      | Reached XP level 7. HP: 37/43 MP: 8/8
  3501 | D:4      | Found a stormy altar of Qazlal.
  3573 | D:5      | Entered Level 5 of the Dungeon
  3801 | D:5      | Found Oqorioh's Armour Shop.
  4034 | D:6      | Received a gift from Trog
  4059 | D:6      | Reached skill level 6 in Long Blades
  4307 | D:6      | Reached XP level 8. HP: 36/48 MP: 9/9
  4384 | D:6      | Found a shattered altar of Ashenzari.
  4387 | D:6      | Found a bloodstained altar of Trog.
  4387 | D:6      | Found a burning altar of Makhleb.
  4388 | D:6      | Found an opulent altar of Gozag.
  4389 | D:6      | Found a blossoming altar of Fedhas.
  4703 | D:6      | Found a staircase to the Ecumenical Temple.
  4734 | D:6      | Reached skill level 7 in Long Blades
  4916 | D:6      | Reached skill level 5 in Fighting
  4919 | D:6      | Reached skill level 5 in Dodging
  5453 | D:7      | Reached XP level 9. HP: 21/54 MP: 10/10
  5458 | D:7      | Reached skill level 8 in Long Blades
  5459 | D:7      | Slain by a warg

Levels and vault maps discovered:
D:1:      tarquinn_simple_flora_water_a, layout_basic
D:2:      layout_basic, okawaru_metal_pillars_1_2, evilmike_ruin_ashenzari
D:3:      layout_basic, kennysheep_jessica_study
D:4:      layout_basic, nicolae_qazlal_eye_of_the_storm, enter_ossuary_2
D:5:      layout_rooms, serial_shops, shop_statue, first_ration
D:6:      hangedman_cross_stitches, layout_rooms, grunt_temple_overflow_open,
          minmay_temple_entry_drinking_statues
D:7:      lemuel_castle_with_subvaults [lemuel_castle_interior_carwin_2],
          layout_rooms

Skill      XL: |  1  2  3  4  5  6  7  8  9 |
---------------+----------------------------+-----
Armour         | 3 4 5 6 7 |  7.7
Long Blades    | 4 5 6 7 8 |  8.0
Dodging        | 3 4 5 |  5.4
Fighting       | 4 5 |  5.4

Action                   |  1- 3 |  4- 6 |  7- 9 || total
-------------------------+-------+-------+-------++-------
Melee: Falchion          |    72 |   160 |   151 ||   383
       Peck              |     8 |    39 |    47 ||    94
       Kick              |    19 |    70 |    67 ||   156
Invok: Berserk           |       |       |     3 ||     3
       Trog's Hand       |       |       |     1 ||     1
  Use: Scroll            |       |     7 |     3 ||    10
 Stab: Sleeping          |     3 |       |       ||     3
  Eat: Chunk             |     1 |     3 |     3 ||     7
       Ration            |       |     1 |     2 ||     3
Armor: Animal skin       |    16 |       |       ||    16
       Chain mail        |       |    67 |    50 ||   117
Dodge: Dodged            |    49 |    63 |    72 ||   184
       Rpst.: Falchion   |    15 |    17 |    24 ||    56
